 Dungeon Crawl Stone Soup version 0.27.0-1-g7a089689b8 (webtiles) character file.

Game seed: 5543408060777834981

5410 tilp the Geomancer (level 10, -10/84 HPs)
             Began as a Gargoyle Earth Elementalist on July 31, 2021.
             Was a Believer of Nemelex Xobeh.
             Mangled by Harold (12 damage)
             ... on level 9 of the Dungeon.
             The game lasted 00:21:40 (15173 turns).

tilp the Geomancer (Gargoyle Earth Elementalist)   Turns: 15173, Time: 00:21:41

Health: -10/84     AC: 25    Str: 13    XL:     10   Next: 67%
Magic:  3/16       EV:  2    Int: 18    God:    Nemelex Xobeh [**....]
Gold:   159        SH:  0    Dex: 10    Spells: 11/17 levels left

rFire    . . .     SeeInvis .   a - staff of earth
rCold    . . .     Faith    .   (no shield)
rNeg     + + +     Spirit   .   (armour currently unavailable)
rPois    ∞         Reflect  .   (helmet currently unavailable)
rElec    .         Harm     .   (cloak currently unavailable)
rCorr    +         Rampage  .   (gloves currently unavailable)
Will     .....     NoTele   +   (boots currently unavailable)
Stlth    ++........             (no amulet)
HPRegen  0.24/turn              q - ring of resist corrosion
MPRegen  0.15/turn              (no ring)

@: tree-form, marked
A: stationary, stasis, torment immunity, boosted hp, sickness immunity, AC +7,
negative energy resistance 1, (electricity resistance), torment resistance 1,
petrification resistance
a: Renounce Religion, Draw Escape, Draw Destruction, Draw Summoning


You were on level 9 of the Dungeon.
You worshipped Nemelex Xobeh.
Nemelex Xobeh was pleased with you.
You were a tree.
You visited 1 branch of the dungeon, and saw 9 of its levels.
You also visited: Ossuary.

You collected 645 gold pieces.
You spent 486 gold pieces at shops.

Inventory:

Hand Weapons
 b - a +0 dagger of flaming
Missiles
 c - 169 stones
 f - 4 curare-tipped darts
 g - 37 poisoned darts (quivered)
 s - 4 silver javelins
Armour
 l - a +1 robe (melded)
 p - a scarf of repulsion (melded)
 r - a +2 helmet (melded)
 I - a +1 pair of gloves (melded)
Magical Staves
 a - a staff of earth (weapon)
 h - a staff of fire
 m - a staff of cold
Jewellery
 q - a ring of resist corrosion (left branch)
 K - an amulet of the acrobat
Wands
 t - a wand of acid (7)
 x - a wand of mindburst (12)
 C - a wand of flame (19)
 J - a wand of paralysis (11)
Scrolls
 e - 5 scrolls of vulnerability
 i - 8 scrolls of teleportation
 k - 2 scrolls of fear
 u - 2 scrolls of amnesia
 w - a scroll of holy word
 y - a scroll of magic mapping
 F - a scroll of summoning
 G - a scroll of blinking
 H - a scroll of silence
 L - a scroll of identify
Potions
 d - 2 potions of attraction
 j - a potion of lignification
 n - a potion of might {unknown}
 o - 4 potions of curing
 v - a potion of ambrosia {unknown}
 z - a potion of resistance {unknown}
 A - a potion of brilliance {unknown}
 B - 2 potions of heal wounds
 D - 2 potions of mutation
 E - a potion of haste {unknown}


   Skills:
 - Level 4.0 Fighting
 + Level 7.8 Staves
 - Level 4.0 Dodging
 - Level 4.0 Stealth
 - Level 4.0 Spellcasting
 - Level 2.0 Transmutations
 - Level 8.0 Earth Magic
 - Level 4.0 Invocations
 + Level 7.4 Evocations


You had 11 spell levels left.
You knew the following spells:

 Your Spells              Type           Power      Damage    Failure   Level
a - Sandblast             Erth           96%        2d20      1%          1
b - Passwall              Tmut/Erth      26%        N/A       2%          2
c - Stone Arrow           Conj/Erth      54%        3d10      9%          3

Your spell library contained the following spells:

 Spells                   Type           Power      Damage    Failure   Level
 Pain                     Necr           12%        1d4       14%         1
 Petrify                  Tmut/Erth      32%        N/A       19%         4
 Corpse Rot               Necr/Air       N/A        N/A       22%         2
 Leda's Liquefaction      Hex/Erth       13%        N/A       28%         4
 Bolt of Magma            Conj/Fire/Erth 9%         4d7       80%         5
 Dispel Undead            Necr           3%         3d7       82%         4
 Irradiate                Conj/Tmut      3%         3d14      95%         5
 Agony                    Necr           3%         N/A       99%         5
 Excruciating Wounds      Necr           1%         N/A       99%         5
 Death Channel            Necr           1%         N/A       100%        6
 Sublimation of Blood     Necr           Unusable   N/A       N/A         2
 Statue Form              Tmut/Erth      Unusable   N/A       N/A         6

Dungeon Overview and Level Annotations

Branches:
Dungeon (9/15)             Temple (0/1) D:7         Ossuary (visited)
   Lair: D:8-11         Orc: D:9-12

Altars:
Nemelex Xobeh

Shops:
D:2 ?

Annotations:
D:5 Menkaure
D:9 Harold


Innate Abilities, Weirdness & Mutations

You are a tree.
Your roots penetrate the ground, keeping you stationary.
You cannot be teleported.
You are immune to unholy pain and torment.
Your maximum health is greatly increased.
Your equipment is partially melded.
You are immune to sickness and miasma.
((Your stone body is resilient. (AC +7)))
You are immune to poison.
You resist negative energy. (rN+)
((You are resistant to electric shocks. (rElec)))
You are resistant to unholy torment.
You are immune to petrification.


Message History

You hit Harold but do no damage.
Harold is severely wounded.
Harold hits you but does no damage.
You hit Harold but do no damage.
Harold is severely wounded.
Harold casts a spell at you. A sentinel's mark forms upon you.
You barely miss Harold.
Harold is severely wounded.
Harold hits you with a +0 long sword.
You hit Harold but do no damage.
You shatter Harold!
Harold is severely wounded.
Really quaff the potion of lignification?
You turn into a tree.
Your scarf of repulsion melds into your body.
Your +2 helmet melds into your body.
Your +1 pair of gloves melds into your body.
Your +1 robe melds into your body.
The haze of the repulsion field disappears.
Your roots penetrate the ground.
Harold points at you and mumbles some strange words.
You barely resist. You hit Harold.
You shatter Harold.
Harold is almost dead.
Harold hits you with a +0 long sword!
* * * LOW HITPOINT WARNING * * *
You hit Harold.
Harold is almost dead.
Harold hits you with a +0 long sword!
* * * LOW HITPOINT WARNING * * *
You hit Harold but do no damage.
Harold is almost dead.
Harold hits you with a +0 long sword!
* * * LOW HITPOINT WARNING * * *
Unknown command.
You hit Harold but do no damage.
You shatter Harold.
Harold is almost dead.
Harold hits you with a +0 long sword!
You die...
Your body glows slightly and disappears.

#..)..# .. #.....# #.
.#.....# #. #.#.....# #.
#.##..###
##############.###.##..#
#<.......^......##.##..#
##############..##.##..#
.......♣...##..#
######@#...##..#
#.#...##).# #.##..##).#
#. #..##).# #. #..##..#
#. #...#..# #. #...#..#
#......#


You could see Harold.

Vanquished Creatures
  A two-headed ogre (D:9)
  5 yaks (D:7)
  An acid dragon (D:9)
  A water moccasin (D:7)
  An ice beast (D:7)
  An orc warrior (D:9)
  2 necrophages (D:7)
  4 ogres
  A sky beast (D:6)
  3 centaurs
  2 phantoms
  A bullfrog (D:8)
  A kobold brigand (D:7)
  3 scorpions
  A wyvern zombie (D:5)
  2 water moccasin zombies (D:5)
  14 killer bees
  9 wights
  A howler monkey (D:6)
  4 bullfrog zombies
  A centaur zombie (D:6)
  3 hounds
  A human zombie (Ossuary)
  2 orc priests
  A gnoll shaman (D:8)
  4 bullfrog skeletons (D:5)
  4 iguanas
  A centaur skeleton (D:7)
  2 orc wizards
  A scorpion zombie (D:5)
  3 hound skeletons
  3 mummies (Ossuary)
  2 howler monkey zombies (D:5)
  5 gnolls (D:8)
  A howler monkey skeleton (D:7)
  9 adders
  2 white imps
  An ufetubus (D:6)
  6 adder zombies
  An adder skeleton (D:5)
  4 worms
  2 dart slugs
  11 orcs
  5 bats
  5 endoplasms
  4 giant cockroaches
  3 goblins
  6 hobgoblins
  10 jackals
  3 quokkas (D:2)
  10 ball pythons
  4 frilled lizards
  A gnoll zombie (Ossuary)
  A goblin zombie (Ossuary)
  3 hobgoblin zombies (Ossuary)
  9 kobolds
  A kobold zombie (Ossuary)
  3 quokka zombies (Ossuary)
  9 rats
  3 rat zombies (Ossuary)
208 creatures vanquished.

Vanquished Creatures (collateral kills)
  A wraith (D:7)
1 creature vanquished.

Vanquished Creatures (others)
  5 fungi (D:4)
  5 toadstools (D:4)
10 creatures vanquished.

Grand Total: 219 creatures vanquished

Notes
Turn   | Place    | Note
-------+----------+-------------------------------------------
     0 | D:1      | tilp the Gargoyle Earth Elementalist began the quest for
                  | the Orb.
     0 | D:1      | Reached XP level 1. HP: 10/10 MP: 3/3
   355 | D:1      | Reached skill level 4 in Earth Magic
   448 | D:1      | Reached XP level 2. HP: 9/16 MP: 0/5
   710 | D:1      | Learned a level 2 spell: Passwall
   775 | D:1      | Reached skill level 1 in Fighting
  1160 | D:1      | Reached XP level 3. HP: 21/21 MP: 6/6
  1659 | D:2      | Found a faded altar of an unknown god.
  1767 | D:2      | Reached XP level 4. HP: 26/26 MP: 3/7
  1780 | D:2      | Reached skill level 5 in Earth Magic
  2106 | D:2      | Found Hounkoax's Magic Scroll Shoppe.
  2115 | D:2      | Bought a scroll of identify for 26 gold pieces
  2115 | D:2      | Bought a scroll of teleportation for 39 gold pieces
  2526 | D:2      | Learned a level 3 spell: Stone Arrow
  3007 | D:3      | Reached XP level 5. HP: 22/30 MP: 8/8
  3286 | D:3      | Reached skill level 6 in Earth Magic
  4510 | D:4      | Found a sparkling altar of Nemelex Xobeh.
  4724 | D:4      | Became a worshipper of Nemelex Xobeh the Trickster
  4777 | D:4      | Noticed an ogre
  4794 | D:4      | Killed an ogre
  4795 | D:4      | Reached XP level 6. HP: 30/37 MP: 5/9
  5345 | D:4      | Identified a scroll of acquirement
  5345 | D:4      | Acquired a staff of earth
  5375 | D:5      | Entered Level 5 of the Dungeon
  5770 | D:5      | Reached XP level 7. HP: 43/43 MP: 7/10
  5841 | D:5      | Reached * piety under Nemelex Xobeh
  6195 | D:5      | Reached skill level 1 in Staves
  6195 | D:5      | Reached skill level 1 in Evocations
  6310 | D:5      | Noticed Menkaure
  6436 | D:5      | Reached XP level 8. HP: 28/48 MP: 8/11
  7593 | D:5      | Received a gift from Nemelex Xobeh
  7650 | D:6      | Reached skill level 1 in Invocations
  7681 | D:6      | Found a sand-covered staircase.
  7687 | Ossuary  | Entered an ossuary
  8637 | D:6      | Reached XP level 9. HP: 37/52 MP: 9/12
  8847 | D:6      | Reached ** piety under Nemelex Xobeh
  9306 | D:7      | Reached skill level 5 in Staves
  9422 | D:7      | Reached skill level 5 in Evocations
 10919 | D:7      | Reached skill level 1 in Transmutations
 11011 | D:7      | Found a staircase to the Ecumenical Temple.
 11437 | D:7      | Received a gift from Nemelex Xobeh
 11631 | D:2      | Bought a scroll of holy word for 97 gold pieces
 11631 | D:2      | Bought a scroll of noise for 13 gold pieces
 11631 | D:2      | Bought a scroll of blinking for 97 gold pieces
 11631 | D:2      | Bought a scroll of teleportation for 39 gold pieces
 11631 | D:2      | Bought a scroll of teleportation for 39 gold pieces
 11631 | D:2      | Bought a scroll of teleportation for 39 gold pieces
 11631 | D:2      | Bought a scroll of silence for 97 gold pieces
 12149 | D:7      | Reached XP level 10. HP: 10/56 MP: 9/14
 12737 | D:7      | Reached skill level 7 in Earth Magic
 14920 | D:9      | Noticed a two-headed ogre
 14926 | D:9      | Killed a two-headed ogre
 14927 | D:9      | Reached skill level 8 in Earth Magic
 15156 | D:9      | Noticed Harold
 15172 | D:9      | HP: 1/84 [Harold (15)]
 15173 | D:9      | Mangled by Harold

Illustrated notes

Levels and vault maps discovered:
D:1:      saegor_arrival_miasma, layout_loops_corners
D:2:      layout_basic, serial_shops, shop, ebering_ecumenical_altar_mist,
          chequers_serial_rivers_micro_b
D:3:      layout_loops_corners
D:4:      layout_basic, nemelex_xobeh_ov_fountains_minmay, glass_columns_b,
          hex_large, grunt_ministairs_5, kennysheep_nub,
          minmay_gold_behind_fungi
D:5:      layout_gridville, serial_undead, serial_undead_b, serial_undead_e,
          serial_undead_d, serial_undead_a, serial_undead_a, uniq_menkaure
D:6:      layout_rooms, nicolae_ossuary_entry_plus, minmay_misc_feat_square
D:7:      layout_cave_pools, minmay_temple_entry_trees, serial_glass,
          glass_columns_a, glass_columns_a, minmay_misc_feat_diagonals,
          hangedman_minor_gate_pass
D:8:      layout_loops_ring
D:9:      layout_basic, uniq_prince_ribbit1, uniq_harold

Skill      XL: |  1  2  3  4  5  6  7  8  9 10 |
---------------+-------------------------------+-----
Earth Magic    | 4 5 6 8 |  8.0
Fighting       | 1 2 3 4 |  4.0
Dodging        | 2 3 4 |  4.0
Stealth        | 3 4 |  4.0
Staves         | 2 4 6 7 |  7.8
Evocations     | 2 4 6 7 |  7.4
Invocations    | 4 |  4.0
Transmutations | 2 |  2.0
Spellcasting   | 3 4 |  4.0

Action                   |  1- 3 |  4- 6 |  7- 9 | 10-12 || total
-------------------------+-------+-------+-------+-------++-------
Melee: Unarmed           |    12 |       |       |       ||    12
       Short sword       |    12 |       |       |       ||    12
       Dagger            |    58 |   253 |   216 |       ||   527
       Staff             |       |       |   354 |   109 ||   463
Throw: Dart              |     3 |    11 |    15 |    12 ||    41
 Cast: Sandblast         |    35 |    40 |    80 |       ||   155
       Stone Arrow       |       |       |    16 |    41 ||    57
Invok: Draw Destruction  |       |       |     1 |       ||     1
       Draw Summoning    |       |       |     1 |       ||     1
Evoke: Wand              |       |       |     4 |       ||     4
  Use: Scroll            |     6 |     9 |     8 |     1 ||    24
       Potion            |       |       |     1 |     1 ||     2
 Stab: Sleeping          |     2 |       |     7 |       ||     9
Armor: Robe              |    26 |    87 |   287 |    59 ||   459
Dodge: Dodged            |    42 |   132 |   414 |    72 ||   660
       Repelled          |       |       |       |     2 ||     2
